 Dungeon Crawl Stone Soup version bcrawl-1.41.1 (webtiles) character file.

Game seed: 14283502286736988185

340046 Grimmash the Chopper (level 10, -2/103 HPs)
             Began as an Ent Archaeologist on Apr 20, 2024.
             Was a Believer of Cheibriados.
             Slain by a bullfrog skeleton (5 damage)
             ... on level 7 of the Dungeon.
             The game lasted 00:10:02 (6487 turns).

Grimmash the Chopper (Ent Archaeologist)            Turns: 6487, Time: 00:10:02

Health: -2/103     AC: 18    Str: 23    XL:     10   Next: 4%
Magic:  16/16      EV: 13    Int: 26    God:    Cheibriados [**....]
Gold:   467        SH:  0    Dex: 15    Spells: 18/18 levels left

rFire    . . .     GDR:     35% a - +7 executioner's axe "Tuqexziu" {drain, Int+4 Dex+3}
rCold    . . .     SeeInvis .   (no shield)
rNeg     + + +     Gourm    .   (armour unavailable)
rPois    +         Faith    .   c - +1 hat
rElec    .         Spirit   .   (no cloak)
rCorr    .         Reflect  .   (gloves unavailable)
MR       +....     Clarity  +   (boots unavailable)
Stlth    +++.......             (no amulet)
HPRegen  0.27/turn              (no ring)
MPRegen  0.15/turn              (no ring)

@: very slow
A: large, slow actions, passwall, strong branches, negative energy resistance 3,
poison resistance, slow metabolism 1, torment resistance, unbreathing, AC +17
a: Passwall, Bend Time, Defer, Renounce Religion


You were on level 7 of the Dungeon.
You worshipped Cheibriados.
Cheibriados was pleased with you.
You were very hungry.

You visited 2 branches of the dungeon, and saw 8 of its levels.

You collected 467 gold pieces.

Inventory:

Hand Weapons
 a - the +7 executioner's axe "Tuqexziu" (weapon) {drain, Int+4 Dex+3}
   (You acquired it on level 3 of the Dungeon)

   A truly terrible weapon, it drains the life of those it strikes.
   It affects your intelligence (+4).
   It affects your dexterity (+3).
 b - a +0 blowgun
 f - a +0 flail
Missiles
 d - 9 curare-tipped needles
 s - 335 poisoned needles
 t - 37 poisoned tomahawks (quivered)
Armour
 c - a +1 hat (worn)
Jewellery
 x - the ring of Lesser Demons {Fire MP+9}
   (You found it on level 4 of the Dungeon)

   [ring of fire]

   It enhances your fire magic.
   It protects you from fire.
   It makes you vulnerable to cold.
   It affects your magic capacity (+9).
Scrolls
 g - 3 scrolls of revelation
 i - 4 scrolls of identify
 j - 6 scrolls of remove curse {unknown}
 m - 8 scrolls of teleportation {unknown}
 n - 2 scrolls of blinking {unknown}
 o - 3 scrolls of fear {unknown}
 p - a scroll of enchant armour {unknown}
 q - a scroll of fog {unknown}
 y - 2 scrolls of enchant weapon {unknown}
 B - a scroll of amnesia {unknown}
 D - a scroll of vulnerability {unknown}
Potions
 h - 3 potions of lignification
 k - a potion of berserk rage {unknown}
 l - 3 potions of curing {unknown}
 r - a potion of might {unknown}
 u - a potion of brilliance {unknown}
 v - a potion of mutation {unknown}
 w - a potion of agility {unknown}
 z - a potion of degeneration {unknown}
 A - a potion of heal wounds {unknown}
 C - a potion of magic {unknown}
Comestibles
 e - 11 rations {!d}


   Skills:
 * Level 5.5 Fighting
 * Level 7.2(7.6) Axes
 * Level 6.3(9.5) Maces & Flails
 * Level 5.8 Dodging
 + Level 5.3 Stealth
 * Level 4.6 Spellcasting
 * Level 2.4 Invocations


You had 18 spell levels left.
You didn't know any spells.
Your spell library was empty.

Dungeon Overview and Level Annotations

Branches:
Dungeon (7/12)             Temple (1/1) D:5            Lair (0/6) D:7

Altars:
Cheibriados
Dithmenos
Elyvilon
Fedhas
Gozag
Hepliaklqana
Lugonu
Makhleb
Nemelex Xobeh
Okawaru
Qazlal
Sif Muna
Trog
Wu Jian
Xom
Zin
The Shining One

Annotations:
D:7 1 runed translucent door, Mehrunes's ghost, novice DsHu


Innate Abilities, Weirdness & Mutations

You move and act slowly.
You can pass through walls and trees.
Your branches can wield two-handed weapons with a shield.
Your thick bark is tough. (AC +17)
You are too large for most types of armour.
You are immune to negative energy. (rN+++)
Your system is resistant to poisons. (rPois)
You have a slow metabolism.
You are immune to unholy pain and torment.
You can survive without breathing.


Message History

The orc priest is severely wounded.
You hit the bullfrog skeleton. You hit the warg.
You kill the warg!
Cheibriados thoroughly appreciates the change of pace.
The bullfrog skeleton barely misses you.
The orc priest hits you but does no damage.
The bullfrog skeleton closely misses you.
The orc priest barely misses you. The bullfrog skeleton hits you.
* * * LOW HITPOINT WARNING * * *
Unknown command.
It was a potion of lignification.
You feel woody for a moment. The bullfrog skeleton misses you.
The orc priest barely misses you. The bullfrog skeleton misses you.
Unknown command.
You barely miss the orc priest.
The orc priest is severely wounded.
You hit the bullfrog skeleton.
The bullfrog skeleton hits you but does no damage.
The orc priest closely misses you. The bullfrog skeleton hits you.
You die...

... ##.#
.....>..... . #...
#.........# #...
......P.. #.##
#..P....# #.##
#.......# #.##
#.....# #####.##
#oZ.#### #.......
#@###.## #.###...
#.)....## #.###...
#####...###.##....
#.........###...
#.#.#)#...# ##..
#.......#.# ##.
#.#.#.#.#.# ##
#.......#.######
#..#.#.#.#.......


You could see an orc priest and a bullfrog skeleton.

Vanquished Creatures
  Pikel (D:4)
  2 hippogriffs
  A yak (D:5)
  A basilisk (D:7)
  3 wargs (D:7)
  A water moccasin (D:5)
  4 sky beasts
  2 ice beasts
  A necrophage (D:5)
  A phantom (D:7)
  2 ogres
  2 bullfrogs (D:6)
  2 centaurs
  2 howler monkeys (D:5)
  3 orc priests
  2 crimson imps
  9 orc wizards
  3 jellies (D:6)
  A bullfrog skeleton (D:7)
  2 iguanas (D:6)
  Natasha (twice) (D:4)
  5 worker ants
  A hound skeleton (D:6)
  6 gnolls
  2 howler monkey skeletons
  11 adders
  2 shadow imps
  An adder skeleton (D:6)
  7 worms
  A dart slug (D:4)
  10 leopard geckos
  21 orcs
  A ball python (D:2)
  6 giant cockroaches
  A goblin (D:1)
  11 hobgoblins
  16 jackals
  13 kobolds
  7 quokkas
  6 bats
  7 frilled lizards
  7 rats
189 creatures vanquished.

Vanquished Creatures (others)
  A slave (D:4)
  An ogre (D:4)
  Natasha (D:4)
  An adder skeleton (D:4)
  An orc (D:4)
  A ball python (D:4)
6 creatures vanquished.

Grand Total: 195 creatures vanquished

Notes
Turn   | Place    | Note
-------+----------+-------------------------------------------
     0 | D:1      | Grimmash the Ent Archaeologist began the quest for the Orb.
     0 | D:1      | Reached XP level 1. HP: 21/21 MP: 1/1
    99 | D:1      | Reached XP level 2. HP: 13/29 MP: 2/2
  1255 | D:2      | Reached XP level 3. HP: 26/36 MP: 3/3
  1749 | D:2      | Reached skill level 1 in Spellcasting
  1857 | D:2      | Reached XP level 4. HP: 45/46 MP: 5/5
  2212 | D:2      | Found a burning altar of Makhleb.
  2987 | D:3      | Reached XP level 5. HP: 25/53 MP: 7/7
  2987 | D:3      | Identified a scroll of acquirement
  2987 | D:3      | Identified the +7 executioner's axe "Tuqexziu" {drain,
                  | Int+4 Dex+3} (You acquired it on level 3 of the Dungeon)
  2987 | D:3      | Identified the ring "Hiuzi" {rElec rC+ Slay+3} (You
                  | acquired it on level 3 of the Dungeon)
  3517 | D:4      | Noticed Pikel
  3518 | D:4      | Noticed an ogre
  3518 | D:4      | Noticed a slave
  3518 | D:4      | Noticed a slave
  3518 | D:4      | Noticed a slave
  3519 | D:4      | Noticed a slave
  3533 | D:4      | Killed Pikel
  3534 | D:4      | Reached skill level 3 in Axes
  3534 | D:4      | Reached XP level 6. HP: 26/65 MP: 7/9
  3534 | D:4      | Reached XP level 7. HP: 29/72 MP: 7/10
  3673 | D:4      | Noticed Natasha
  3680 | D:4      | Killed Natasha
  3814 | D:4      | Reached XP level 8. HP: 39/81 MP: 12/12
  3815 | D:4      | Reached skill level 4 in Axes
  3882 | D:4      | Killed Natasha
  3887 | D:4      | Noticed Natasha
  4028 | D:4      | Killed Natasha
  4133 | D:4      | Got a twitching granite ring
  4135 | D:4      | Identified the ring of Lesser Demons {Fire MP+9} (You found
                  | it on level 4 of the Dungeon)
  4531 | D:5      | Entered Level 5 of the Dungeon
  4798 | D:5      | Noticed a hippogriff
  4805 | D:5      | Killed a hippogriff
  4806 | D:5      | Reached skill level 5 in Axes
  4806 | D:5      | Reached skill level 5 in Maces & Flails
  4806 | D:5      | Reached skill level 5 in Dodging
  4955 | D:5      | Reached XP level 9. HP: 72/91 MP: 14/14
  5048 | D:5      | Reached skill level 5 in Stealth
  5065 | D:5      | Identified the cursed amulet of Tub Hiph {Inacc +Inv rPois
                  | Stlth-} (You found it on level 5 of the Dungeon)
  5359 | D:5      | Found a staircase to the Ecumenical Temple.
  5368 | Temple   | Entered the Ecumenical Temple
  5474 | Temple   | Became a worshipper of Cheibriados the Contemplative
  5533 | D:6      | Reached skill level 6 in Axes
  5574 | D:6      | Reached skill level 1 in Invocations
  5654 | D:6      | Reached skill level 5 in Fighting
  5662 | D:6      | Reached * piety under Cheibriados
  6238 | D:7      | Found a shimmering altar of Xom.
  6238 | D:7      | Noticed Mehrunes's ghost (novice DsHu)
  6238 | D:7      | Noticed a +0 short sword of chaos
  6239 | D:7      | Found a runed translucent door.
  6470 | D:7      | Found a staircase to the Lair.
  6474 | D:7      | Reached skill level 7 in Axes
  6479 | D:7      | Reached ** piety under Cheibriados
  6484 | D:7      | Reached XP level 10. HP: 6/103 MP: 16/16
  6484 | D:7      | HP: 5/103 [warg (2)]
  6485 | D:7      | HP: 2/103 [bullfrog skeleton (3)]
  6487 | D:7      | Slain by a bullfrog skeleton

Skill      XL: |  1  2  3  4  5  6  7  8  9 |
---------------+----------------------------+-----
Dodging        | 3 4 5 |  5.8
Maces & Flails | 2 3 4 5 6 |  6.3
Stealth        | 4 5 |  5.3
Spellcasting   | 1 2 3 4 |  4.6
Fighting       | 2 3 4 5 |  5.5
Axes           | 3 5 7 |  7.2
Invocations    | 2 |  2.4

Action                   |  1- 3 |  4- 6 |  7- 9 | 10-12 || total
-------------------------+-------+-------+-------+-------++-------
Melee: Whip              |   242 |   155 |       |       ||   397
       Executioner's axe |       |    44 |   182 |     3 ||   229
  Use: Scroll            |       |     1 |     3 |       ||     4
       Potion            |       |       |       |     1 ||     1
 Stab: Sleeping          |    11 |     7 |    11 |       ||    29
       Distracted        |       |       |     1 |       ||     1
  Eat: Chunk             |     9 |    11 |    15 |       ||    35
Armor: Skin              |   171 |   149 |   221 |     5 ||   546
Dodge: Dodged            |   175 |   199 |   247 |    10 ||   631
